Maple Leafs vs Red Wings
(R2)
Created - November 16, 2017 at 23:30
Goals
|
Maple Leafs |
0 |
2 |
2 |
4 |
Red Wings |
1 |
2 |
3 |
6 |
|
Shots
|
Maple Leafs |
12 |
7 |
9 |
28 |
Red Wings |
12 |
14 |
9 |
35 |
|
1st period
1. Red Wings , Nino Niederreiter 4 (Chris Kelly 6, Alex Picard 4) at 17:37
Penalties :
Michael Grabner (Tor) for Roughing (Minor) at 4:05, Sean Bergenheim (Det) for High sticking (Minor) at 9:06, Colby Armstrong (Tor) for Hooking (Minor) at 13:35
2nd period
2. Maple Leafs , Michael Grabner 2 (Jordan Staal 6, Fabian Brunnstrom 1) at 9:51
3. Maple Leafs , Michael Grabner 3 (Jordan Staal 7) at 10:54
4. Red Wings , Mike Richards 8 (Philip Samuelsson 4, Ole-Kristian Tollefsen 4) at 18:24
5. Red Wings , Adam Henrique 5 (Ole-Kristian Tollefsen 5) at 19:22
Penalties :
Alexander Frolov (Tor) for Slashing (Minor) at 6:31, Eric Nystrom (Tor) for Holding Stick (Minor) at 12:04
3rd period
6. Red Wings , Phil Kessel 7 (Ole-Kristian Tollefsen 6) at 6:07
7. Red Wings , Sean Bergenheim 3 (Phil Kessel 8, Ole-Kristian Tollefsen 7) at 9:02
8. Maple Leafs , Eric Nystrom 4 (Zac Dalpe 3, Blake Comeau 2) at 11:46
9. Maple Leafs , Eric Nystrom 5 (Zac Dalpe 4, Marc-Édouard Vlasic 8) at 17:21
10. Red Wings , Rick Nash 10 (Brendan Bell 1, Mike Richards 9) at 18:30
Penalties :
Ryan Parent (Tor) for Hooking (Minor) at 1:27, Philip Samuelsson (Det) for Hooking (Minor) at 6:22, Alexander Frolov (Tor) for Roughing (Double Minor) at 12:42
Goalie Stats
Marc-André Fleury (Tor), 29 saves from 35 shots - (0.829), L, 7-5-1, 60:00 minutes
Michal Neuvirth (Det), 24 saves from 28 shots - (0.857), W, 10-2-1, 60:00 minutes
Players Stats for Maple Leafs
Player Name G A P +/- PIM S H SB GA TA FO MP PP MP PK MP
------------------------------------------------------------------------------------
Alexander Frolov 0 0 0 -2 6 1 3 0 0 0 0/0 17:12 1:43 1:06
Blake Comeau 0 1 1 1 0 1 0 0 1 0 1/2 9:27 0:00 3:15
Braydon Coburn 0 0 0 -2 0 1 2 2 0 2 0/0 28:04 0:48 7:36
Claude Giroux 0 0 0 -2 0 2 0 1 1 0 2/2 23:05 1:43 6:39
Colby Armstrong 0 0 0 -2 2 0 2 1 0 0 0/0 10:44 0:00 0:00
Eric Nystrom 2 0 2 1 2 5 0 0 0 0 0/0 10:23 0:00 3:45
Evgeny Grachev 0 0 0 -2 0 0 2 0 0 2 2/11 10:15 0:00 0:00
Fabian Brunnstrom 0 1 1 1 0 2 1 0 0 0 0/0 12:43 2:15 0:00
Gilbert Brule 0 0 0 -2 0 2 2 0 1 0 14/22 21:33 2:15 4:24
Jamie Benn 0 0 0 -2 0 0 1 0 0 0 1/1 11:37 0:00 1:19
John Klingberg 0 0 0 0 0 1 0 0 0 0 0/0 12:46 0:48 0:00
Jordan Staal 0 2 2 1 0 2 2 0 0 0 12/29 19:55 1:43 7:20
Marc-Édouard Vlasic 0 1 1 -1 0 4 2 4 2 2 0/0 28:14 3:10 5:40
Michael Grabner 2 0 2 1 2 4 2 1 0 0 0/0 12:43 2:15 0:00
Ryan Parent 0 0 0 0 2 1 0 2 1 1 0/0 16:47 0:00 5:36
Taylor Chorney 0 0 0 -1 0 0 0 0 0 0 0/0 9:54 0:00 0:42
Tobias Enstrom 0 0 0 0 0 1 1 1 2 0 0/0 24:34 3:10 8:14
Zac Dalpe 0 2 2 1 0 1 1 0 0 0 2/3 6:04 0:00 0:00
Players Stats for Red Wings
Player Name G A P +/- PIM S H SB GA TA FO MP PP MP PK MP
------------------------------------------------------------------------------------
Adam Henrique 1 0 1 2 0 5 0 0 0 1 1/1 18:47 5:59 0:00
Ales Hemsky 0 0 0 -1 0 1 0 0 1 0 0/0 5:24 0:18 0:00
Alex Picard 0 1 1 0 0 1 0 1 0 0 0/1 11:59 0:11 0:25
Brendan Bell 0 1 1 -1 0 0 1 0 0 0 0/0 18:52 0:42 1:47
Brent Seabrook 0 0 0 -1 0 1 4 1 0 3 0/0 26:31 7:52 2:11
Chris Kelly 0 1 1 0 0 1 1 0 0 0 4/8 12:20 0:27 0:00
Filip Kuba 0 0 0 0 0 1 0 2 1 0 0/0 17:14 5:20 2:11
Mike Richards 1 1 2 2 0 6 2 0 2 0 14/29 20:14 7:25 0:00
Nate Thompson 0 0 0 -1 0 1 0 0 0 0 0/0 4:36 0:00 0:00
Nino Niederreiter 1 0 1 0 0 2 2 0 0 1 1/1 14:13 0:26 1:53
Oleg Saprykin 0 0 0 -1 0 0 1 0 0 1 0/0 6:41 0:00 2:05
Ole-Kristian Tollefsen 0 4 4 3 0 0 1 1 0 1 0/0 26:22 7:52 1:47
Phil Kessel 1 1 2 1 0 2 0 0 1 0 0/0 18:27 6:02 0:00
Philip Samuelsson 0 1 1 3 2 2 3 1 0 0 0/0 22:36 5:20 0:00
Rick Nash 1 0 1 2 0 6 2 1 1 0 8/15 21:26 7:25 0:39
Sean Bergenheim 1 0 1 1 2 4 1 0 0 1 0/2 21:08 7:27 1:01
Theo Peckham 0 0 0 0 0 1 0 1 1 0 0/0 8:27 0:42 0:00
Tyler Johnson 0 0 0 1 0 1 2 1 0 0 8/13 20:43 6:02 1:53
3 Stars
1 - Ole-Kristian Tollefsen (Det)
2 - Mike Richards (Det)
3 - Michael Grabner (Tor)
Power Play
Maple Leafs - 0 on 2 Attempt(s) - 0.00%
Red Wings - 0 on 7 Attempt(s) - 0.00%
Penalty Kill
Maple Leafs - 7 on 7 Attempt(s) - 100.00%
- Score 0 goal in Penalty Kill
Red Wings - 2 on 2 Attempt(s) - 100.00%
- Score 0 goal in Penalty Kill
Team Stat
Maple Leafs - Hits : 21 - Faceoff Wins : 34 - Blocked Shots : 12 - Penalty Minutes : 14
Red Wings - Hits : 20 - Faceoff Wins : 36 - Blocked Shots : 9 - Penalty Minutes : 4
Official
Referees : Walkom Stephen and Marouelli Dan
Linesman : Darren Gibbs and Don Henderson
Game Notes
No Game Note
Finance
Level 1 -- Attendance: 5422 (90.37%) -- Ticket Income $471,714
Level 2 -- Attendance: 3615 (72.30%) -- Ticket Income $220,515
Level 3 -- Attendance: 1410 (70.50%) -- Ticket Income $59,220
Level 4 -- Attendance: 2864 (71.60%) -- Ticket Income $88,784
Luxury Box -- Attendance: 827 (82.70%) -- Ticket Income $143,071
Game was played at the Joe Louis Arena.
Total Attendance: 14138 (78.54%)
Total Ticket Income: $983,304
Other Income: $147,496
Total Income: $1,130,800
Maple Leafs
5 vs 5 Forward
Center Left Wing Right Wing Time % Phy DF OF
1 Gilbert Brule Alexander Frolov Claude Giroux 40 0 1 4
2 Jordan Staal Fabian Brunnstrom Michael Grabner 30 0 2 3
3 Evgeny Grachev Jamie Benn Colby Armstrong 20 0 2 3
4 Zac Dalpe Eric Nystrom Blake Comeau 10 0 3 2
5 vs 5 Defense
Defense Defense Time % Phy DF OF
1 Marc-Édouard Vlasic Braydon Coburn 40 0 2 3
2 Tobias Enstrom John Klingberg 30 0 2 3
3 Ryan Parent Taylor Chorney 20 0 3 2
4 Tobias Enstrom Braydon Coburn 10 0 2 3
PowerPlay Forward
Center Left Wing Right Wing Time % Phy DF OF
1 Jordan Staal Alexander Frolov Claude Giroux 60 0 1 4
2 Gilbert Brule Fabian Brunnstrom Michael Grabner 40 0 2 3
PowerPlay Defense
Defense Defense Time % Phy DF OF
1 Tobias Enstrom Marc-Édouard Vlasic 60 0 2 3
2 John Klingberg Braydon Coburn 40 0 3 2
Penalty Kill 4 Players Forward
Center Wing Time % Phy DF OF
1 Jordan Staal Claude Giroux 60 0 4 1
2 Gilbert Brule Eric Nystrom 40 0 4 1
Penalty Kill 4 Players Defense
Defense Defense Time % Phy DF OF
1 Tobias Enstrom Braydon Coburn 60 0 5 0
2 Ryan Parent Marc-Édouard Vlasic 40 0 5 0
Penalty Kill - 3 Players Forward
Forward Time % Phy DF OF
1 Jordan Staal 60 0 4 1
2 Gilbert Brule 40 0 4 1
Penalty Kill - 3 Players Defense
Defense Defense Time % Phy DF OF
1 Tobias Enstrom Taylor Chorney 60 0 5 0
2 Taylor Chorney Tobias Enstrom 40 0 5 0
4 vs 4 Forward
Center Wing Time % Phy DF OF
1 Jordan Staal Claude Giroux 60 0 2 3
2 Gilbert Brule Michael Grabner 40 0 2 3
4 vs 4 Defense
Defense Defense Time % Phy DF OF
1 Tobias Enstrom Braydon Coburn 60 0 3 2
2 Ryan Parent Marc-Édouard Vlasic 40 0 3 2
Last Minutes Offensive
Center Left Wing Right Wing Defense Defense
Jordan Staal Alexander Frolov Claude Giroux Tobias Enstrom Marc-Édouard Vlasic
Last Minutes Defensive
Center Left Wing Right Wing Defense Defense
Jordan Staal Alexander Frolov Claude Giroux Braydon Coburn Taylor Chorney
Goaltenders
Starting : Marc-André Fleury
Backup : Alex Stalock
Extra Forwards
Normal : Michael Grabner, Eric Nystrom, Blake Comeau - PP : Michael Grabner, Eric Nystrom - PK : Blake Comeau
Extra Defensemen
Normal : John Klingberg, Ryan Parent, Marc-Édouard Vlasic - PP : Ryan Parent - PK : Ryan Parent, Taylor Chorney
Penalty Shots
Claude Giroux, Gilbert Brule, Alexander Frolov, Fabian Brunnstrom, Zac Dalpe
Scratches
None
Red Wings
5 vs 5 Forward
Center Left Wing Right Wing Time % Phy DF OF
1 Mike Richards Adam Henrique Rick Nash 40 0 2 3
2 Tyler Johnson Sean Bergenheim Phil Kessel 33 0 2 3
3 Chris Kelly Alex Picard Nino Niederreiter 20 0 3 2
4 Nate Thompson Oleg Saprykin Ales Hemsky 7 1 2 2
5 vs 5 Defense
Defense Defense Time % Phy DF OF
1 Brent Seabrook Brendan Bell 35 0 3 2
2 Philip Samuelsson Ole-Kristian Tollefsen 35 0 3 2
3 Filip Kuba Theo Peckham 20 1 3 1
4 Filip Kuba Brent Seabrook 10 0 3 2
PowerPlay Forward
Center Left Wing Right Wing Time % Phy DF OF
1 Rick Nash Sean Bergenheim Mike Richards 60 0 1 4
2 Tyler Johnson Adam Henrique Phil Kessel 40 0 1 4
PowerPlay Defense
Defense Defense Time % Phy DF OF
1 Ole-Kristian Tollefsen Brent Seabrook 60 0 2 3
2 Filip Kuba Philip Samuelsson 40 0 2 3
Penalty Kill 4 Players Forward
Center Wing Time % Phy DF OF
1 Tyler Johnson Nino Niederreiter 50 1 2 2
2 Oleg Saprykin Sean Bergenheim 50 1 2 2
Penalty Kill 4 Players Defense
Defense Defense Time % Phy DF OF
1 Brent Seabrook Filip Kuba 50 1 2 2
2 Brendan Bell Ole-Kristian Tollefsen 50 1 2 2
Penalty Kill - 3 Players Forward
Forward Time % Phy DF OF
1 Sean Bergenheim 60 1 2 2
2 Oleg Saprykin 40 1 2 2
Penalty Kill - 3 Players Defense
Defense Defense Time % Phy DF OF
1 Filip Kuba Brent Seabrook 50 1 2 2
2 Brendan Bell Ole-Kristian Tollefsen 50 1 2 2
4 vs 4 Forward
Center Wing Time % Phy DF OF
1 Mike Richards Rick Nash 60 1 2 2
2 Tyler Johnson Phil Kessel 40 1 2 2
4 vs 4 Defense
Defense Defense Time % Phy DF OF
1 Brent Seabrook Filip Kuba 60 1 2 2
2 Ole-Kristian Tollefsen Philip Samuelsson 40 1 2 2
Last Minutes Offensive
Center Left Wing Right Wing Defense Defense
Mike Richards Rick Nash Phil Kessel Brent Seabrook Ole-Kristian Tollefsen
Last Minutes Defensive
Center Left Wing Right Wing Defense Defense
Tyler Johnson Sean Bergenheim Rick Nash Brent Seabrook Filip Kuba
Goaltenders
Starting : Michal Neuvirth
Backup : Ilya Bryzgalov
Extra Forwards
Normal : Rick Nash, Tyler Johnson, Nino Niederreiter - PP : Nino Niederreiter, Chris Kelly - PK : Rick Nash
Extra Defensemen
Normal : Brent Seabrook, Ole-Kristian Tollefsen, Philip Samuelsson - PP : Philip Samuelsson - PK : Philip Samuelsson, Theo Peckham
Penalty Shots
Rick Nash, Mike Richards, Phil Kessel, Brent Seabrook, Sean Bergenheim
Scratches
Jiri Fischer (Strained Left Knee Injury), Karl Alzner (Broken Nose Injury)
% Time on Ice - Maple Leafs
Lines # - Real PCT - Wanted PCT - Time Play
Normal Forward
1 - 35% - 40% - 14:46
2 - 26% - 30% - 11:03
3 - 24% - 20% - 10:15
4 - 14% - 10% - 6:04
Normal Defense
1 - 43% - 40% - 18:03
2 - 32% - 30% - 13:27
3 - 22% - 20% - 9:12
4 - 3% - 10% - 1:26
PP Forward
1 - 43% - 60% - 1:43
2 - 57% - 40% - 2:15
PP Defense
1 - 80% - 60% - 3:10
2 - 20% - 40% - 0:48
PK Forward
1 - 68% - 60% - 9:30
2 - 32% - 40% - 4:24
PK Defense
1 - 59% - 60% - 8:14
2 - 41% - 40% - 5:40
PK3 Forward
1 - 0% - 60%
2 - 0% - 40%
PK3 Defense
1 - 0% - 60%
2 - 0% - 40%
44 Forward
1 - 0% - 60%
2 - 0% - 40%
44 Defense
1 - 0% - 60%
2 - 0% - 40%
Last Minute Offensive - 0:00
Last Minute Defensive - 0:00
Total
Forward - 60:00
Defense - 60:00
|
% Time on Ice - Red Wings
Lines # - Real PCT - Wanted PCT - Time Play
Normal Forward
1 - 33% - 40% - 13:42
2 - 30% - 33% - 12:27
3 - 27% - 20% - 11:23
4 - 11% - 7% - 4:36
Normal Defense
1 - 38% - 35% - 15:54
2 - 40% - 35% - 16:59
3 - 18% - 20% - 7:45
4 - 4% - 10% - 1:30
PP Forward
1 - 57% - 60% - 7:52
2 - 43% - 40% - 6:02
PP Defense
1 - 62% - 60% - 8:34
2 - 38% - 40% - 5:20
PK Forward
1 - 47% - 50% - 1:53
2 - 53% - 50% - 2:05
PK Defense
1 - 55% - 50% - 2:11
2 - 45% - 50% - 1:47
PK3 Forward
1 - 0% - 60%
2 - 0% - 40%
PK3 Defense
1 - 0% - 50%
2 - 0% - 50%
44 Forward
1 - 0% - 60%
2 - 0% - 40%
44 Defense
1 - 0% - 60%
2 - 0% - 40%
Last Minute Offensive - 0:00
Last Minute Defensive - 0:00
Total
Forward - 60:00
Defense - 60:00
|
Play by Play
1st period
0:01 of 1st period - Claude Giroux wins face-off versus Mike Richards in neutral zone.
0:04 of 1st period - Slapshot by Marc-Édouard Vlasic.
0:04 of 1st period - Shot Hit the Post.
0:06 of 1st period - Wrist shot by Gilbert Brule.
0:06 of 1st period - Shot Misses the Net.
0:08 of 1st period - Snap shot by Alexander Frolov.
0:08 of 1st period - Shot Blocked by Rick Nash.
0:10 of 1st period - Slapshot by Marc-Édouard Vlasic.
0:10 of 1st period - Stopped by Michal Neuvirth without a rebound.
0:11 of 1st period - Jordan Staal wins face-off versus Tyler Johnson in Red Wings zone.
0:25 of 1st period - Icing by Sean Bergenheim.
0:26 of 1st period - Tyler Johnson wins face-off versus Evgeny Grachev in Red Wings zone.
0:41 of 1st period - Snap shot by Evgeny Grachev.
0:41 of 1st period - Shot Misses the Net.
0:55 of 1st period - Slapshot by Sean Bergenheim.
0:55 of 1st period - Stopped by Marc-André Fleury with a rebound.
1:26 of 1st period - Backhand shot by Sean Bergenheim.
1:26 of 1st period - Shot Blocked by Ryan Parent.
1:36 of 1st period - Snap shot by Phil Kessel.
1:36 of 1st period - Shot Misses the Net.
1:46 of 1st period - Wrist shot by Eric Nystrom.
1:46 of 1st period - Stopped by Michal Neuvirth without a rebound.
1:47 of 1st period - Mike Richards wins face-off versus Jordan Staal in Red Wings zone.
2:00 of 1st period - Snap shot by Jordan Staal.
2:00 of 1st period - Stopped by Michal Neuvirth with a rebound.
2:14 of 1st period - Brendan Bell is hit by Marc-Édouard Vlasic and loses puck.
2:58 of 1st period - Filip Kuba is hit by Alexander Frolov and loses puck.
3:05 of 1st period - Claude Giroux is hit by Oleg Saprykin and loses puck.
3:18 of 1st period - Wrist shot by Gilbert Brule.
3:18 of 1st period - Stopped by Michal Neuvirth with a rebound.
3:20 of 1st period - Wrist shot by Alexander Frolov.
3:20 of 1st period - Stopped by Michal Neuvirth with a rebound.
3:22 of 1st period - Snap shot by Gilbert Brule.
3:22 of 1st period - Shot Misses the Net.
3:40 of 1st period - Snap shot by Gilbert Brule.
3:40 of 1st period - Stopped by Michal Neuvirth with a rebound.
3:42 of 1st period - Wrist shot by Claude Giroux.
3:42 of 1st period - Stopped by Michal Neuvirth with a rebound.
3:50 of 1st period - Wrist shot by Gilbert Brule.
3:50 of 1st period - Shot Hit the Post.
3:52 of 1st period - Snap shot by Marc-Édouard Vlasic.
3:52 of 1st period - Stopped by Michal Neuvirth without a rebound.
3:53 of 1st period - Mike Richards wins face-off versus Jordan Staal in Red Wings zone.
4:00 of 1st period - Snap shot by Rick Nash.
4:00 of 1st period - Stopped by Marc-André Fleury without a rebound.
4:01 of 1st period - Mike Richards wins face-off versus Jordan Staal in Maple Leafs zone.
4:05 of 1st period - Minor Penalty to Michael Grabner for Roughing.
4:06 of 1st period - Jordan Staal wins face-off versus Rick Nash in Maple Leafs zone.
4:09 of 1st period - Off-side.
4:10 of 1st period - Rick Nash wins face-off versus Jordan Staal in neutral zone.
4:43 of 1st period - Backhand shot by Adam Henrique.
4:43 of 1st period - Stopped by Marc-André Fleury without a rebound.
4:44 of 1st period - Gilbert Brule wins face-off versus Sean Bergenheim in Maple Leafs zone.
6:05 of 1st period - Penalty to Michael Grabner is over, Michael Grabner is back on ice.
7:08 of 1st period - Off-side.
7:09 of 1st period - Tyler Johnson wins face-off versus Jordan Staal in neutral zone.
7:20 of 1st period - Snap shot by Tyler Johnson.
7:20 of 1st period - Shot Misses the Net.
7:22 of 1st period - Slapshot by Brendan Bell.
7:22 of 1st period - Shot Misses the Net.
7:24 of 1st period - Slapshot by Philip Samuelsson.
7:24 of 1st period - Shot Blocked by Tobias Enstrom.
8:22 of 1st period - Snap shot by Tyler Johnson.
8:22 of 1st period - Shot Misses the Net.
8:24 of 1st period - Wrist shot by Tyler Johnson.
8:24 of 1st period - Shot Misses the Net.
8:26 of 1st period - Snap shot by Sean Bergenheim.
8:26 of 1st period - Stopped by Marc-André Fleury without a rebound.
8:27 of 1st period - Mike Richards wins face-off versus Jordan Staal in Maple Leafs zone.
9:06 of 1st period - Minor Penalty to Sean Bergenheim for High sticking.
9:07 of 1st period - Tyler Johnson wins face-off versus Jordan Staal in Red Wings zone.
9:21 of 1st period - Filip Kuba is hit by Jordan Staal.
9:25 of 1st period - Slapshot by Brent Seabrook.
9:25 of 1st period - Stopped by Marc-André Fleury without a rebound.
9:26 of 1st period - Gilbert Brule wins face-off versus Tyler Johnson in Maple Leafs zone.
9:32 of 1st period - Icing by Gilbert Brule.
9:33 of 1st period - Tyler Johnson wins face-off versus Gilbert Brule in Maple Leafs zone.
10:00 of 1st period - Snap shot by Tobias Enstrom.
10:00 of 1st period - Shot Misses the Net.
10:10 of 1st period - Rick Nash is hit by Tobias Enstrom.
10:38 of 1st period - Slapshot by Marc-Édouard Vlasic.
10:38 of 1st period - Shot Misses the Net.
11:06 of 1st period - Penalty to Sean Bergenheim is over, Sean Bergenheim is back on ice.
11:18 of 1st period - Nino Niederreiter is hit by Evgeny Grachev and loses puck.
11:41 of 1st period - Snap shot by Eric Nystrom.
11:41 of 1st period - Shot Misses the Net.
12:03 of 1st period - Wrist shot by Rick Nash.
12:03 of 1st period - Deflect By Chris Kelly.
12:03 of 1st period - Shot Blocked by Braydon Coburn.
12:03 of 1st period - Puck is out of play.
12:04 of 1st period - Zac Dalpe wins face-off versus Chris Kelly in Maple Leafs zone.
12:16 of 1st period - Slapshot by Brent Seabrook.
12:16 of 1st period - Shot Blocked by Marc-Édouard Vlasic.
12:57 of 1st period - Wrist shot by Claude Giroux.
12:57 of 1st period - Stopped by Michal Neuvirth without a rebound.
12:58 of 1st period - Chris Kelly wins face-off versus Jordan Staal in Red Wings zone.
12:58 of 1st period - Chris Kelly is hit by Jordan Staal.
13:35 of 1st period - Minor Penalty to Colby Armstrong for Hooking.
13:36 of 1st period - Jordan Staal wins face-off versus Rick Nash in Maple Leafs zone.
14:12 of 1st period - Backhand shot by Gilbert Brule.
14:12 of 1st period - Shot Blocked by Ole-Kristian Tollefsen.
15:35 of 1st period - Penalty to Colby Armstrong is over, Colby Armstrong is back on ice.
15:55 of 1st period - Philip Samuelsson is hit by Gilbert Brule and loses puck.
16:04 of 1st period - Wrist shot by Gilbert Brule.
16:04 of 1st period - Deflect By Filip Kuba.
16:04 of 1st period - Shot Blocked by Filip Kuba.
16:04 of 1st period - Puck is out of play.
16:05 of 1st period - Mike Richards wins face-off versus Jordan Staal in Red Wings zone.
16:10 of 1st period - Wrist shot by Adam Henrique.
16:10 of 1st period - Stopped by Marc-André Fleury without a rebound.
16:11 of 1st period - Rick Nash wins face-off versus Jordan Staal in Maple Leafs zone.
16:18 of 1st period - Snap shot by Mike Richards.
16:18 of 1st period - Stopped by Marc-André Fleury with a rebound.
16:20 of 1st period - Snap shot by Rick Nash.
16:20 of 1st period - Stopped by Marc-André Fleury without a rebound.
16:21 of 1st period - Jordan Staal wins face-off versus Rick Nash in Maple Leafs zone.
16:36 of 1st period - Wrist shot by Mike Richards.
16:36 of 1st period - Stopped by Marc-André Fleury without a rebound.
16:37 of 1st period - Tyler Johnson wins face-off versus Gilbert Brule in Maple Leafs zone.
16:42 of 1st period - Wrist shot by Phil Kessel.
16:42 of 1st period - Shot Misses the Net.
16:48 of 1st period - Snap shot by Phil Kessel.
16:48 of 1st period - Shot Misses the Net.
16:50 of 1st period - Wrist shot by Sean Bergenheim.
16:50 of 1st period - Stopped by Marc-André Fleury with a rebound.
16:52 of 1st period - Wrist shot by Sean Bergenheim.
16:52 of 1st period - Shot Misses the Net.
16:54 of 1st period - Slapshot by Brent Seabrook.
16:54 of 1st period - Shot Blocked by Marc-Édouard Vlasic.
17:26 of 1st period - Tobias Enstrom is hit by Nino Niederreiter and loses puck.
17:37 of 1st period - Snap shot by Chris Kelly.
17:37 of 1st period - Deflect By Nino Niederreiter.
17:37 of 1st period - Goal by Nino Niederreiter - Maple Leafs : 0 - Red Wings : 1.
17:38 of 1st period - Gilbert Brule wins face-off versus Mike Richards in neutral zone.
17:40 of 1st period - Off-side.
17:41 of 1st period - Claude Giroux wins face-off versus Mike Richards in neutral zone.
18:08 of 1st period - Rick Nash is hit by Jamie Benn and loses puck.
18:17 of 1st period - Snap shot by Jamie Benn.
18:17 of 1st period - Shot Misses the Net.
18:19 of 1st period - Slapshot by Braydon Coburn.
18:19 of 1st period - Deflect By Rick Nash.
18:19 of 1st period - Stopped by Michal Neuvirth without a rebound.
18:20 of 1st period - Gilbert Brule wins face-off versus Tyler Johnson in Red Wings zone.
18:36 of 1st period - Wrist shot by Phil Kessel.
18:36 of 1st period - Stopped by Marc-André Fleury with a rebound.
18:46 of 1st period - Alex Picard is hit by Michael Grabner and loses puck.
19:50 of 1st period - Slapshot by Braydon Coburn.
19:50 of 1st period - Shot Misses the Net.
19:52 of 1st period - Slapshot by Marc-Édouard Vlasic.
19:52 of 1st period - Stopped by Michal Neuvirth with a rebound.
19:54 of 1st period - Snap shot by Marc-Édouard Vlasic.
19:54 of 1st period - Shot Blocked by Tyler Johnson.
19:56 of 1st period - Slapshot by Marc-Édouard Vlasic.
19:56 of 1st period - Stopped by Michal Neuvirth without a rebound.
19:57 of 1st period - Gilbert Brule wins face-off versus Mike Richards in Red Wings zone.
Goals for this period are 0 for Maple Leafs vs 1 for Red Wings.
Shots for this period are 12 for Maple Leafs vs 12 for Red Wings.
2nd period
0:01 of 2nd period - Rick Nash wins face-off versus Gilbert Brule in neutral zone.
0:31 of 2nd period - Wrist shot by Tobias Enstrom.
0:31 of 2nd period - Deflect By Michael Grabner.
0:31 of 2nd period - Stopped by Michal Neuvirth without a rebound.
0:32 of 2nd period - Tyler Johnson wins face-off versus Gilbert Brule in Red Wings zone.
0:47 of 2nd period - Snap shot by Tyler Johnson.
0:47 of 2nd period - Stopped by Marc-André Fleury without a rebound.
0:48 of 2nd period - Jordan Staal wins face-off versus Mike Richards in Maple Leafs zone.
1:01 of 2nd period - Marc-Édouard Vlasic is hit by Brent Seabrook and loses puck.
2:14 of 2nd period - Icing by Rick Nash.
2:15 of 2nd period - Jordan Staal wins face-off versus Mike Richards in Red Wings zone.
2:22 of 2nd period - Slapshot by Tobias Enstrom.
2:22 of 2nd period - Shot Blocked by Filip Kuba.
2:42 of 2nd period - Sean Bergenheim is hit by Gilbert Brule and loses puck.
2:59 of 2nd period - Gilbert Brule is hit by Brent Seabrook and loses puck.
3:06 of 2nd period - Alexander Frolov is hit by Tyler Johnson and loses puck.
3:12 of 2nd period - Tobias Enstrom is hit by Brent Seabrook and loses puck.
3:37 of 2nd period - Slapshot by John Klingberg.
3:37 of 2nd period - Stopped by Michal Neuvirth without a rebound.
3:38 of 2nd period - Jordan Staal wins face-off versus Mike Richards in Red Wings zone.
4:10 of 2nd period - Off-side.
4:11 of 2nd period - Jamie Benn wins face-off versus Alex Picard in neutral zone.
4:16 of 2nd period - Alex Picard is hit by Colby Armstrong and loses puck.
4:27 of 2nd period - Snap shot by Nino Niederreiter.
4:27 of 2nd period - Shot Misses the Net.
4:29 of 2nd period - Slapshot by Alex Picard.
4:29 of 2nd period - Deflect By Colby Armstrong.
4:29 of 2nd period - Shot Misses the Net.
4:29 of 2nd period - Puck is out of play.
4:30 of 2nd period - Mike Richards wins face-off versus Gilbert Brule in Maple Leafs zone.
5:07 of 2nd period - Snap shot by Fabian Brunnstrom.
5:07 of 2nd period - Stopped by Michal Neuvirth with a rebound.
5:09 of 2nd period - Wrist shot by Jordan Staal.
5:09 of 2nd period - Stopped by Michal Neuvirth without a rebound.
5:10 of 2nd period - Chris Kelly wins face-off versus Evgeny Grachev in Red Wings zone.
5:10 of 2nd period - Chris Kelly is hit by Evgeny Grachev.
5:18 of 2nd period - Snap shot by Alex Picard.
5:18 of 2nd period - Stopped by Marc-André Fleury without a rebound.
5:19 of 2nd period - Nino Niederreiter wins face-off versus Evgeny Grachev in Maple Leafs zone.
5:50 of 2nd period - Slapshot by John Klingberg.
5:50 of 2nd period - Shot Blocked by Alex Picard.
6:04 of 2nd period - Wrist shot by Nino Niederreiter.
6:04 of 2nd period - Shot Misses the Net.
6:06 of 2nd period - Snap shot by Chris Kelly.
6:06 of 2nd period - Shot Misses the Net.
6:08 of 2nd period - Snap shot by Philip Samuelsson.
6:08 of 2nd period - Stopped by Marc-André Fleury without a rebound.
6:09 of 2nd period - Gilbert Brule wins face-off versus Mike Richards in Maple Leafs zone.
6:14 of 2nd period - Gilbert Brule is hit by Rick Nash and loses puck.
6:31 of 2nd period - Minor Penalty to Alexander Frolov for Slashing.
6:32 of 2nd period - Jordan Staal wins face-off versus Rick Nash in Maple Leafs zone.
7:14 of 2nd period - Slapshot by Phil Kessel.
7:14 of 2nd period - Shot Misses the Net.
8:31 of 2nd period - Penalty to Alexander Frolov is over, Alexander Frolov is back on ice.
8:33 of 2nd period - Icing by Phil Kessel.
8:34 of 2nd period - Tyler Johnson wins face-off versus Zac Dalpe in Red Wings zone.
9:05 of 2nd period - Snap shot by Evgeny Grachev.
9:05 of 2nd period - Shot Misses the Net.
9:07 of 2nd period - Backhand shot by Eric Nystrom.
9:07 of 2nd period - Stopped by Michal Neuvirth with a rebound.
9:09 of 2nd period - Wrist shot by Eric Nystrom.
9:09 of 2nd period - Shot Misses the Net.
9:44 of 2nd period - Nino Niederreiter is hit by Braydon Coburn and loses puck.
9:51 of 2nd period - Wrist shot by Michael Grabner.
9:51 of 2nd period - Goal by Michael Grabner - Maple Leafs : 1 - Red Wings : 1.
9:52 of 2nd period - Gilbert Brule wins face-off versus Mike Richards in neutral zone.
10:07 of 2nd period - Slapshot by Adam Henrique.
10:07 of 2nd period - Shot Blocked by Braydon Coburn.
10:09 of 2nd period - Snap shot by Adam Henrique.
10:09 of 2nd period - Stopped by Marc-André Fleury with a rebound.
10:54 of 2nd period - Snap shot by Michael Grabner.
10:54 of 2nd period - Goal by Michael Grabner - Maple Leafs : 2 - Red Wings : 1.
10:55 of 2nd period - Jordan Staal wins face-off versus Mike Richards in neutral zone.
11:46 of 2nd period - Colby Armstrong is hit by Philip Samuelsson and loses puck.
12:04 of 2nd period - Minor Penalty to Eric Nystrom for Holding Stick.
12:05 of 2nd period - Rick Nash wins face-off versus Jordan Staal in Maple Leafs zone.
12:13 of 2nd period - Slapshot by Sean Bergenheim.
12:13 of 2nd period - Shot Misses the Net.
12:15 of 2nd period - Snap shot by Rick Nash.
12:15 of 2nd period - Stopped by Marc-André Fleury with a rebound.
12:19 of 2nd period - Snap shot by Mike Richards.
12:19 of 2nd period - Stopped by Marc-André Fleury without a rebound.
12:20 of 2nd period - Jordan Staal wins face-off versus Rick Nash in Maple Leafs zone.
13:57 of 2nd period - Alexander Frolov is hit by Mike Richards and loses puck.
14:04 of 2nd period - Penalty to Eric Nystrom is over, Eric Nystrom is back on ice.
14:14 of 2nd period - Jamie Benn is hit by Nino Niederreiter and loses puck.
14:59 of 2nd period - Icing by Braydon Coburn.
15:00 of 2nd period - Gilbert Brule wins face-off versus Sean Bergenheim in Maple Leafs zone.
15:19 of 2nd period - Claude Giroux is hit by Sean Bergenheim and loses puck.
15:53 of 2nd period - Wrist shot by Alexander Frolov.
15:53 of 2nd period - Shot Misses the Net.
16:41 of 2nd period - Brendan Bell is hit by Alexander Frolov and loses puck.
16:48 of 2nd period - Wrist shot by Tyler Johnson.
16:48 of 2nd period - Shot Blocked by Claude Giroux.
16:50 of 2nd period - Slapshot by Brendan Bell.
16:50 of 2nd period - Shot Misses the Net.
17:14 of 2nd period - Wrist shot by Tyler Johnson.
17:14 of 2nd period - Deflect By Phil Kessel.
17:14 of 2nd period - Shot Misses the Net.
17:14 of 2nd period - Puck is out of play.
17:15 of 2nd period - Mike Richards wins face-off versus Jordan Staal in Maple Leafs zone.
17:18 of 2nd period - Slapshot by Rick Nash.
17:18 of 2nd period - Shot Blocked by Marc-Édouard Vlasic.
17:20 of 2nd period - Slapshot by Rick Nash.
17:20 of 2nd period - Stopped by Marc-André Fleury without a rebound.
17:21 of 2nd period - Mike Richards wins face-off versus Jordan Staal in Maple Leafs zone.
17:35 of 2nd period - Slapshot by Philip Samuelsson.
17:35 of 2nd period - Stopped by Marc-André Fleury without a rebound.
17:36 of 2nd period - Rick Nash wins face-off versus Jordan Staal in Maple Leafs zone.
17:41 of 2nd period - Snap shot by Mike Richards.
17:41 of 2nd period - Stopped by Marc-André Fleury with a rebound.
17:43 of 2nd period - Snap shot by Rick Nash.
17:43 of 2nd period - Shot Blocked by Marc-Édouard Vlasic.
17:45 of 2nd period - Backhand shot by Mike Richards.
17:45 of 2nd period - Stopped by Marc-André Fleury without a rebound.
17:46 of 2nd period - Jordan Staal wins face-off versus Mike Richards in Maple Leafs zone.
17:53 of 2nd period - Philip Samuelsson is hit by Michael Grabner and loses puck.
18:16 of 2nd period - Slapshot by Adam Henrique.
18:16 of 2nd period - Stopped by Marc-André Fleury with a rebound.
18:18 of 2nd period - Snap shot by Ole-Kristian Tollefsen.
18:18 of 2nd period - Shot Misses the Net.
18:20 of 2nd period - Slapshot by Ole-Kristian Tollefsen.
18:20 of 2nd period - Shot Misses the Net.
18:22 of 2nd period - Slapshot by Philip Samuelsson.
18:22 of 2nd period - Shot Blocked by Michael Grabner.
18:24 of 2nd period - Wrist shot by Mike Richards.
18:24 of 2nd period - Goal by Mike Richards - Maple Leafs : 2 - Red Wings : 2.
18:25 of 2nd period - Chris Kelly wins face-off versus Evgeny Grachev in neutral zone.
18:38 of 2nd period - Jamie Benn is hit by Ole-Kristian Tollefsen.
19:18 of 2nd period - Ole-Kristian Tollefsen is hit by Alexander Frolov.
19:22 of 2nd period - Snap shot by Adam Henrique.
19:22 of 2nd period - Goal by Adam Henrique - Maple Leafs : 2 - Red Wings : 3.
19:23 of 2nd period - Mike Richards wins face-off versus Gilbert Brule in neutral zone.
19:32 of 2nd period - Slapshot by Mike Richards.
19:32 of 2nd period - Deflect By Rick Nash.
19:32 of 2nd period - Stopped by Marc-André Fleury with a rebound.
19:34 of 2nd period - Slapshot by Adam Henrique.
19:34 of 2nd period - Deflect By Claude Giroux.
19:34 of 2nd period - Shot Misses the Net.
19:34 of 2nd period - Puck is out of play.
19:35 of 2nd period - Gilbert Brule wins face-off versus Mike Richards in Maple Leafs zone.
Goals for this period are 2 for Maple Leafs vs 2 for Red Wings.
Shots for this period are 7 for Maple Leafs vs 14 for Red Wings.
3rd period
0:01 of 3rd period - Gilbert Brule wins face-off versus Mike Richards in neutral zone.
0:08 of 3rd period - Slapshot by Gilbert Brule.
0:08 of 3rd period - Shot Misses the Net.
0:14 of 3rd period - Slapshot by Theo Peckham.
0:14 of 3rd period - Stopped by Marc-André Fleury with a rebound.
0:16 of 3rd period - Slapshot by Filip Kuba.
0:16 of 3rd period - Stopped by Marc-André Fleury with a rebound.
1:27 of 3rd period - Minor Penalty to Ryan Parent for Hooking.
1:28 of 3rd period - Rick Nash wins face-off versus Jordan Staal in Maple Leafs zone.
1:38 of 3rd period - Backhand shot by Sean Bergenheim.
1:38 of 3rd period - Shot Misses the Net.
1:59 of 3rd period - Gilbert Brule is hit by Philip Samuelsson and loses puck.
2:49 of 3rd period - Icing by Sean Bergenheim.
2:50 of 3rd period - Rick Nash wins face-off versus Blake Comeau in Red Wings zone.
3:27 of 3rd period - Penalty to Ryan Parent is over, Ryan Parent is back on ice.
3:42 of 3rd period - Snap shot by Ales Hemsky.
3:42 of 3rd period - Shot Hit the Post.
3:44 of 3rd period - Wrist shot by Nate Thompson.
3:44 of 3rd period - Shot Misses the Net.
3:46 of 3rd period - Slapshot by Nate Thompson.
3:46 of 3rd period - Stopped by Marc-André Fleury without a rebound.
3:47 of 3rd period - Chris Kelly wins face-off versus Evgeny Grachev in Maple Leafs zone.
4:02 of 3rd period - Snap shot by Evgeny Grachev.
4:02 of 3rd period - Shot Misses the Net.
4:25 of 3rd period - Zac Dalpe is hit by Rick Nash and loses puck.
5:20 of 3rd period - Slapshot by Brent Seabrook.
5:20 of 3rd period - Deflect By Alex Picard.
5:20 of 3rd period - Shot Blocked by Ryan Parent.
5:20 of 3rd period - Puck is out of play.
5:21 of 3rd period - Evgeny Grachev wins face-off versus Chris Kelly in Maple Leafs zone.
5:26 of 3rd period - Brendan Bell is hit by Colby Armstrong.
5:32 of 3rd period - Slapshot by Evgeny Grachev.
5:32 of 3rd period - Shot Misses the Net.
5:48 of 3rd period - Jordan Staal is hit by Brendan Bell and loses puck.
6:07 of 3rd period - Snap shot by Phil Kessel.
6:07 of 3rd period - Goal by Phil Kessel - Maple Leafs : 2 - Red Wings : 4.
6:08 of 3rd period - Gilbert Brule wins face-off versus Mike Richards in neutral zone.
6:22 of 3rd period - Minor Penalty to Philip Samuelsson for Hooking.
6:23 of 3rd period - Tyler Johnson wins face-off versus Jordan Staal in Red Wings zone.
7:03 of 3rd period - Slapshot by Ole-Kristian Tollefsen.
7:03 of 3rd period - Shot Misses the Net.
7:50 of 3rd period - Icing by Michael Grabner.
7:51 of 3rd period - Gilbert Brule wins face-off versus Tyler Johnson in Maple Leafs zone.
7:56 of 3rd period - Brendan Bell is hit by Fabian Brunnstrom and loses puck.
8:07 of 3rd period - Sean Bergenheim is hit by Marc-Édouard Vlasic and loses puck.
8:22 of 3rd period - Penalty to Philip Samuelsson is over, Philip Samuelsson is back on ice.
8:24 of 3rd period - Slapshot by Tobias Enstrom.
8:24 of 3rd period - Stopped by Michal Neuvirth without a rebound.
8:25 of 3rd period - Mike Richards wins face-off versus Evgeny Grachev in Red Wings zone.
8:31 of 3rd period - Off-side.
8:32 of 3rd period - Mike Richards wins face-off versus Evgeny Grachev in neutral zone.
9:02 of 3rd period - Wrist shot by Sean Bergenheim.
9:02 of 3rd period - Goal by Sean Bergenheim - Maple Leafs : 2 - Red Wings : 5.
9:03 of 3rd period - Mike Richards wins face-off versus Gilbert Brule in neutral zone.
9:30 of 3rd period - Michael Grabner is hit by Tyler Johnson and loses puck.
10:21 of 3rd period - Snap shot by Oleg Saprykin.
10:21 of 3rd period - Shot Misses the Net.
11:20 of 3rd period - Wrist shot by Tobias Enstrom.
11:20 of 3rd period - Shot Blocked by Theo Peckham.
11:38 of 3rd period - Slapshot by Zac Dalpe.
11:38 of 3rd period - Stopped by Michal Neuvirth without a rebound.
11:39 of 3rd period - Zac Dalpe wins face-off versus Mike Richards in Red Wings zone.
11:46 of 3rd period - Snap shot by Eric Nystrom.
11:46 of 3rd period - Goal by Eric Nystrom - Maple Leafs : 3 - Red Wings : 5.
11:47 of 3rd period - Mike Richards wins face-off versus Gilbert Brule in neutral zone.
12:21 of 3rd period - Snap shot by Jordan Staal.
12:21 of 3rd period - Shot Misses the Net.
12:23 of 3rd period - Wrist shot by Fabian Brunnstrom.
12:23 of 3rd period - Stopped by Michal Neuvirth with a rebound.
12:25 of 3rd period - Snap shot by Michael Grabner.
12:25 of 3rd period - Stopped by Michal Neuvirth with a rebound.
12:39 of 3rd period - Snap shot by Nino Niederreiter.
12:39 of 3rd period - Stopped by Marc-André Fleury without a rebound.
12:40 of 3rd period - Gilbert Brule wins face-off versus Chris Kelly in Maple Leafs zone.
12:42 of 3rd period - Double Minor Penalty to Alexander Frolov for Roughing.
12:43 of 3rd period - Rick Nash wins face-off versus Jordan Staal in Maple Leafs zone.
12:53 of 3rd period - Snap shot by Claude Giroux.
12:53 of 3rd period - Shot Blocked by Brent Seabrook.
13:26 of 3rd period - Backhand shot by Eric Nystrom.
13:26 of 3rd period - Shot Misses the Net.
14:04 of 3rd period - Braydon Coburn is hit by Mike Richards and loses puck.
15:04 of 3rd period - Claude Giroux is hit by Chris Kelly and loses puck.
15:11 of 3rd period - Wrist shot by Ales Hemsky.
15:11 of 3rd period - Stopped by Marc-André Fleury without a rebound.
15:12 of 3rd period - Gilbert Brule wins face-off versus Rick Nash in Maple Leafs zone.
15:58 of 3rd period - Gilbert Brule is hit by Brent Seabrook and loses puck.
16:21 of 3rd period - Icing by Phil Kessel.
16:22 of 3rd period - Blake Comeau wins face-off versus Tyler Johnson in Red Wings zone.
16:23 of 3rd period - Wrist shot by Jamie Benn.
16:23 of 3rd period - Shot Misses the Net.
16:25 of 3rd period - Wrist shot by Blake Comeau.
16:25 of 3rd period - Stopped by Michal Neuvirth with a rebound.
16:27 of 3rd period - Snap shot by Blake Comeau.
16:27 of 3rd period - Shot Misses the Net.
16:29 of 3rd period - Snap shot by Ryan Parent.
16:29 of 3rd period - Stopped by Michal Neuvirth without a rebound.
16:30 of 3rd period - Jordan Staal wins face-off versus Rick Nash in Red Wings zone.
16:42 of 3rd period - Penalty to Alexander Frolov is over, Alexander Frolov is back on ice.
17:15 of 3rd period - Wrist shot by Eric Nystrom.
17:15 of 3rd period - Stopped by Michal Neuvirth with a rebound.
17:17 of 3rd period - Snap shot by Marc-Édouard Vlasic.
17:17 of 3rd period - Shot Misses the Net.
17:21 of 3rd period - Wrist shot by Zac Dalpe.
17:21 of 3rd period - Deflect By Eric Nystrom.
17:21 of 3rd period - Goal by Eric Nystrom - Maple Leafs : 4 - Red Wings : 5.
17:22 of 3rd period - Evgeny Grachev wins face-off versus Chris Kelly in neutral zone.
17:29 of 3rd period - Wrist shot by Tobias Enstrom.
17:29 of 3rd period - Shot Misses the Net.
18:10 of 3rd period - Philip Samuelsson is hit by Zac Dalpe.
18:20 of 3rd period - Snap shot by Chris Kelly.
18:20 of 3rd period - Stopped by Marc-André Fleury without a rebound.
18:21 of 3rd period - Mike Richards wins face-off versus Evgeny Grachev in Maple Leafs zone.
18:24 of 3rd period - Wrist shot by Mike Richards.
18:24 of 3rd period - Shot Misses the Net.
18:26 of 3rd period - Slapshot by Brendan Bell.
18:26 of 3rd period - Shot Blocked by Colby Armstrong.
18:28 of 3rd period - Wrist shot by Rick Nash.
18:28 of 3rd period - Shot Misses the Net.
18:30 of 3rd period - Slapshot by Brendan Bell.
18:30 of 3rd period - Deflect By Rick Nash.
18:30 of 3rd period - Goal by Rick Nash - Maple Leafs : 4 - Red Wings : 6.
18:31 of 3rd period - Adam Henrique wins face-off versus Evgeny Grachev in neutral zone.
18:31 of 3rd period - Adam Henrique is hit by Braydon Coburn.
19:10 of 3rd period - Blake Comeau is hit by Philip Samuelsson.
19:20 of 3rd period - Slapshot by Braydon Coburn.
19:20 of 3rd period - Shot Misses the Net.
19:24 of 3rd period - Snap shot by Jordan Staal.
19:24 of 3rd period - Shot Blocked by Philip Samuelsson.
19:26 of 3rd period - Wrist shot by Michael Grabner.
19:26 of 3rd period - Shot Misses the Net.
Goals for this period are 2 for Maple Leafs vs 3 for Red Wings.
Shots for this period are 9 for Maple Leafs vs 9 for Red Wings.
Back to the Top